 Dungeon Crawl Stone Soup version 0.26-a0-835-g8259106e14 (webtiles) character file.

Game seed: 14104842850642236988

106 Descartes the Covert (level 4, 0/21 HPs)
             Began as a Felid Delver on Nov 17, 2020.
             Slain by a rat (1 damage)
             ... in a sewer.
             The game lasted 00:03:29 (1541 turns).

Descartes the Covert (Felid Delver)                 Turns: 1541, Time: 00:03:30

Health: 0/21       AC:  1    Str:  9    XL:     4   Next: 55%
Magic:  5/5        EV: 15    Int: 11    God:
Gold:   59         SH:  0    Dex: 17    Spells: 3/3 levels left
                                        Lives:  0   Deaths: 1

rFire    + . .     SeeInvis +     - Unarmed
rCold    . . .     Faith    .   (shield unavailable)
rNeg     . . .     Spirit   .   (armour unavailable)
rPois    .         Reflect  .   (helmet unavailable)
rElec    .         Harm     .   (cloak unavailable)
rCorr    .         Rampage  .   (gloves unavailable)
MR       .....                  (boots unavailable)
Stlth    +++++.....             (no amulet)
HPRegen  0.07/turn              h - ring of protection from fire
MPRegen  0.09/turn              (no ring)

@: constricted, quick
A: very small, no armour, no weapons or thrown items, stealth, claws 1, fangs 3,
see invisible, speed 1, shaggy fur 1, sharp paws
a: no special abilities


You were in a sewer.
You visited 2 branches of the dungeon, and saw 3 of its levels.
You also visited: Sewer.

You collected 59 gold pieces.

Inventory:

Jewellery
 h - a ring of protection from fire (left paw)
Wands
 e - a wand of digging (3)
Scrolls
 a - a scroll of fog
 b - a scroll of magic mapping
 c - a scroll of fear
 f - 2 scrolls of identify {unknown}
 i - a scroll of blinking {unknown}
Potions
 d - a potion of haste
 g - a potion of flight {unknown}
 j - a potion of might {unknown}
 k - a potion of brilliance {unknown}


   Skills:
 - Level 3.0 Fighting
 - Level 2.6 Dodging
 + Level 10.0 Stealth
 - Level 2.0 Unarmed Combat


You had 3 spell levels left.
You didn't know any spells.
Your spell library was empty.

Dungeon Overview and Level Annotations

Branches:
Dungeon (5/15)             Temple (1/1) D:5           Sewer (1/1)

Altars:
Ashenzari
Cheibriados
Dithmenos
Elyvilon
Fedhas
Gozag
Hepliaklqana
Kikubaaqudgha
Nemelex Xobeh
Okawaru
Qazlal
Ru
Sif Muna
Trog
Uskayaw
Vehumet
Wu Jian
Xom
Yredelemnul
Zin
The Shining One

Annotations:
D:5 3 runed translucent doors, stillor's ghost, novice OpTm


Innate Abilities, Weirdness & Mutations

You cannot wear armour.
You are incapable of wielding weapons or throwing items.
Your paws allow you to move quietly. (Stealth)
You have sharp claws.
You have razor-sharp teeth.
You have supernaturally acute eyesight. (SInv)
You cover ground quickly.
You are covered in fur. (AC +1)
Your sharp claws are effective at attacking unaware monsters.


Message History

The rat misses you.
You scratch the rat but do no damage.
The rat is heavily wounded.
The ball python barely misses you. The ball python closely misses you.
The ball python bites you.
* * * LOW HITPOINT WARNING * * *
x2 The ball python constricts you.
The rat barely misses you. The rat misses you.
You scratch the rat.
You kill the rat!
The ball python bites you.
* * * LOW HITPOINT WARNING * * *
The ball python barely misses you. The ball python misses you.
The ball python constricts you. The rat barely misses you.
The ball python barely misses you. The ball python bites you.
* * * LOW HITPOINT WARNING * * *
The ball python's grasp on you weakens, but your attempt to escape fails.
The ball python closely misses you.
* * * LOW HITPOINT WARNING * * *
The ball python constricts you. The ball python misses you. The rat bites you.
You die...

### ### ## ...# #r.## ##.rr
....### r..####....r .......
.........# ....... #.r.....##
#......####........##...
##...S.S##..............
≈≈≈≈≈≈≈≈S@Sr........≈.....
≈#≈≈≈≈≈≈≈≈≈≈≈≈≈r≈.≈≈≈.≈...≈≈≈≈≈
#≈#≈≈≈≈≈≈≈≈≈≈≈≈≈≈≈≈≈≈≈≈≈≈≈≈≈≈≈≈
#≈≈≈≈≈≈≈≈≈≈≈≈≈≈≈≈≈≈≈≈≈≈≈≈≈≈≈≈≈
#≈≈≈≈≈≈≈≈≈≈≈≈≈≈.≈≈..≈≈≈≈≈≈≈≈≈
#####≈≈≈≈≈≈≈≈≈≈≈...≈.....≈.≈≈≈≈≈≈
.#..#≈≈≈≈≈≈≈≈...≈.........≈..≈...
....#...≈..≈.≈...................
))(.'............................


You could see 4 ball pythons and 2 rats.

Vanquished Creatures
  A centaur (D:5)
  A hound (D:5)
  A hound zombie (D:5)
  3 river rats (Sewer)
  A white imp (D:5)
  3 jackals (D:5)
  A ball python (Sewer)
  A frilled lizard (Sewer)
  6 kobolds (Sewer)
  7 rats (Sewer)
25 creatures vanquished.

Notes
Turn   | Place    | Note
-------+----------+-------------------------------------------
     0 | D:5      | Descartes the Felid Delver began the quest for the Orb.
     0 | D:5      | Reached XP level 1. HP: 10/10 MP: 2/2
    59 | D:5      | Found a staircase to the Ecumenical Temple.
    59 | D:5      | Noticed a centaur
   135 | D:5      | Noticed a hound
   140 | D:5      | Reached skill level 7 in Stealth
   142 | D:5      | Killed a hound
   143 | D:5      | Reached skill level 8 in Stealth
   143 | D:5      | Reached XP level 2. HP: 14/14 MP: 3/3
   143 | D:5      | Reached XP level 3. HP: 17/17 MP: 4/4
   414 | D:4      | Noticed an ogre
   448 | D:5      | Killed a centaur
   449 | D:5      | Reached skill level 9 in Stealth
   449 | D:5      | Reached XP level 4. HP: 21/21 MP: 5/5
   452 | Temple   | Entered the Ecumenical Temple
   733 | D:5      | HP: 1/21 [poisoned by a worker ant]
   734 | D:5      | Succumbed to a worker ant's poison
   735 | D:5      | Reached XP level 3. HP: -1/17 MP: 4/4
   851 | D:5      | Found a runed translucent gate.
   851 | D:5      | Found a runed translucent gate.
   851 | D:5      | Found a runed translucent gate.
   853 | D:5      | Noticed stillor's ghost (novice OpTm)
   909 | D:4      | Found a glowing drain.
   919 | Sewer    | Entered a sewer
   947 | Sewer    | Reached XP level 4. HP: 4/21 MP: 5/5
  1365 | Sewer    | Reached skill level 10 in Stealth
  1541 | Sewer    | HP: 1/21 [ball python (1)]
  1541 | Sewer    | Slain by a rat

Illustrated notes

Levels and vault maps discovered:
D:4:      layout_basic, cheibrodos_sewer_entry_sluice, serial_bayou_ford_a,
          nicolae_ru_sacrificial_ziggurat
D:5:      layout_basic, temple_fountains, ebering_ghost_rock_garden
Temple:   nicolae_temple_the_god_donut
Sewer:    sewer_minmay_treatment

Skill      XL: |  1  2  3  4 |
---------------+-------------+-----
Stealth        | 8 9 10 | 10.0
Fighting       | |  3.0
Dodging        | |  2.6
Unarmed Combat | |  2.0

Action                   |  1- 3 |  4- 6 || total
-------------------------+-------+-------++-------
Melee: Unarmed           |    31 |    47 ||    78
       Bite              |     2 |     2 ||     4
 Stab: Sleeping          |     6 |     6 ||    12
Armor: Skin              |       |     2 ||     2
Dodge: Dodged            |    31 |    53 ||    84

Table legend: (Time is in decaauts)
 A = Elapsed time spent in this place.
 B = Non-inter-level travel time spent in this place.
 C = Inter-level travel time spent in this place.
 D = Time resting spent in this place.
 E = Time spent auto-exploring this place.
 F = Levels seen in this place.
 G = Mean time per level.
                   A        B        C        D        E       F      G
               +--------+--------+--------+--------+--------+-----+--------+
         Total |   1374 |   1362 |     12 |      0 |   1130 |   4 |  343.5 |
       Dungeon |    590 |    586 |      4 |      0 |    473 |   2 |  295.0 |
        Temple |    196 |    188 |      8 |      0 |    185 |   1 |  196.0 |
         Sewer |    587 |    587 |      0 |      0 |    471 |   1 |  587.0 |
               +--------+--------+--------+--------+--------+-----+--------+

Top non-repeatable levels by time:
   Sewer: 587 daAuts
     D:5: 556 daAuts
  Temple: 196 daAuts
     D:4: 34 daAuts
